 Dungeon Crawl Stone Soup version 0.29.1-12-g30fa7ad0bf (webtiles) character file.

Game seed: 3168908293849310948

218 xzight the Grave Robber (level 5, -1/38 HPs)
             Began as a Ghoul Necromancer on Dec 28, 2022.
             Slain by an ufetubus (5 damage)
             ... on level 4 of the Dungeon.
             The game lasted 00:09:28 (4956 turns).

xzight the Grave Robber (Ghoul Necromancer)         Turns: 4956, Time: 00:09:30

Health: -1/38      AC:  2    Str: 12    XL:     5   Next: 95%
Magic:  10/10      EV: 12    Int: 12    God:
Gold:   157        SH:  0    Dex:  9    Spells: 4/12 levels left

rFire   . . .      SeeInvis .   (no weapon)
rCold   + . .      Faith    .   (no shield)
rNeg    + + +      Spirit   .   a - +0 robe
rPois   ∞          Reflect  .   (no helmet)
rElec   .          Harm     .   (no cloak)
rCorr   .          Rampage  .   (no gloves)
Will    .....                   (no boots)
Stlth   ++........              (no amulet)
HPRegen 0.00/turn               (no ring)
MPRegen 0.12/turn               (no ring)

@: brilliant, inhibited regen
A: claws 1, cold resistance 1, negative energy resistance 3, inhibited
regeneration, torment resistance 2, devour on kill
a: no special abilities


You were on level 4 of the Dungeon.
You visited 1 branch of the dungeon, and saw 4 of its levels.

You collected 157 gold pieces.


Innate Abilities, Weirdness & Mutations

You are immune to poison.
You have sharp fingernails.
Your flesh is cold resistant. (rC+)
You are immune to negative energy. (rN+++)
You do not regenerate when monsters are visible.
You are immune to unholy pain and torment.
You thrive by killing the living.


   Skills:
 - Level 1.7 Dodging
 - Level 2.1 Stealth
 - Level 4.0 Spellcasting
 + Level 5.4 Necromancy


You had 4 spell levels left.
You knew the following spells:

 Your Spells              Type           Power      Damage    Failure   Level
a - Necrotise             Necr           92%        1d8       2%          1
b - Vampiric Draining     Necr           23%        2d7       7%          3
c - Animate Dead          Necr           23%        N/A       24%         4

Your spell library contained the following spells:

 Spells                   Type           Power      Damage    Failure   Level
 Ignite Poison            Fire/Tmut/Pois 3%         N/A       54%         3
 Mephitic Cloud           Conj/Pois/Air  3%         N/A       54%         3
 Portal Projectile        Hex/Tloc       6%         N/A       54%         3
 Tukima's Dance           Hex            3%         N/A       54%         3
 Agony                    Necr           23%        N/A       54%         5
 Freezing Cloud           Conj/Ice/Air   1%         6-21      99%         5
 Blade Hands              Tmut           Unusable   N/A       N/A         5

Inventory:

Armour
 a - a +0 robe (worn)
 s - a +0 helmet
Jewellery
 d - an amulet of faith {!P}
Wands
 o - a wand of mindburst (11)
 r - a wand of flame (4)
Scrolls
 e - a scroll of torment {unknown}
 g - 7 scrolls of teleportation {unknown}
 i - a scroll of poison {unknown}
 j - a scroll of brand weapon {unknown}
 k - a scroll of acquirement {unknown}
 m - a scroll of identify {unknown}
 n - a scroll of noise {unknown}
 q - a scroll of fear {unknown}
Potions
 b - a potion of magic
 c - a potion of curing {unknown}
 f - 2 potions of flight {unknown}
 h - a potion of haste {unknown}
 l - 2 potions of cancellation {unknown}
 p - a potion of brilliance
 t - a potion of heal wounds {unknown}
 u - a potion of degeneration {unknown}

Dungeon Overview and Level Annotations

Branches:
Dungeon (4/15)
 Temple: D:4-7

Altars:
Cheibriados

Annotations:
D:3 1 runed translucent door, FexLirch's ghost, weakling DgEE; Grinder

#............
#............
#............
+............
#............
#............
#............
+....5.......
#...@........
###..#######.? ......
#.....# ........
#####.....## .......
#..........# ......
#..........# .....
#..........# ..#.
#####.....#############.#.
#...................#.


You could see an ufetubus.


Message History

The ufetubus misses you. The ufetubus hits you.
You barely miss the ufetubus.
The ufetubus is heavily wounded.
The ufetubus closely misses you. x2
You closely miss the ufetubus.
The ufetubus is heavily wounded.
The ufetubus hits you.
* * * LOW HITPOINT WARNING * * *
The ufetubus closely misses you. The ufetubus hits you.
* * * LOW HITPOINT WARNING * * *
The ufetubus hits you.
* * * LOW HITPOINT WARNING * * *
You closely miss the ufetubus.
The ufetubus is heavily wounded.
The ufetubus closely misses you. The ufetubus barely misses you.
You completely miss the ufetubus.
The ufetubus is heavily wounded.
The ufetubus closely misses you. The ufetubus hits you.
* * * LOW HITPOINT WARNING * * *
The ufetubus hits you.
* * * LOW HITPOINT WARNING * * *
The ufetubus hits you.
* * * LOW HITPOINT WARNING * * *
Sorry, you're not good enough to have a special ability.
It was a potion of brilliance.
You feel clever all of a sudden. The ufetubus hits you.
* * * LOW HITPOINT WARNING * * *
The ufetubus barely misses you. x2; The ufetubus hits you.
You die...

Skill      XL: |  1  2  3  4  5 |
---------------+----------------+-----
Spellcasting   | 2 3 4 |  4.0
Necromancy     | 5 |  5.4
Dodging        | |  1.7
Stealth        | |  2.1

Action                   |  1- 3 |  4- 6 || total
-------------------------+-------+-------++-------
Melee: Unarmed           |    44 |    13 ||    57
       Punch             |     1 |       ||     1
 Cast: Necrotise         |    89 |    91 ||   180
       Vampiric Draining |       |     2 ||     2
  Use: Potion            |       |     1 ||     1
Armor: Robe              |    11 |    13 ||    24
Dodge: Dodged            |    37 |    60 ||    97

Levels and vault maps discovered:
D:1:      nagdon_arrival_zigzag_paths, layout_loops_cross,
          minmay_misc_feat_more_columns, minmay_heptomino_o4
D:2:      layout_basic, basic_altar, basic_ecumenical_altar
D:3:      layout_basic, gammafunk_ghost_grave, chequers_serial_rivers_marsh,
          corexii_hall_statues_s, uniq_robin, uniq_jessica, uniq_grinder,
          uniq_ijyb
D:4:      layout_basic, uniq_blork_the_orc

Notes
Turn   | Place    | Note
-------+----------+-------------------------------------------
     0 | D:1      | xzight the Ghoul Necromancer began the quest for the Orb.
     0 | D:1      | Reached XP level 1. HP: 14/14 MP: 2/2
   243 | D:1      | Reached skill level 2 in Spellcasting
   454 | D:1      | Reached XP level 2. HP: 17/20 MP: 2/4
  1064 | D:1      | Reached XP level 3. HP: 26/26 MP: 3/6
  1123 | D:1      | Reached skill level 3 in Spellcasting
  1853 | D:2      | Found a faded altar of an unknown god.
  2111 | D:1      | Learned a level 3 spell: Vampiric Draining
  2636 | D:2      | Found a snail-covered altar of Cheibriados.
  2973 | D:3      | Reached XP level 4. HP: 33/33 MP: 5/8
  3012 | D:3      | Noticed Jessica
  3019 | D:3      | Killed Jessica
  3105 | D:3      | Noticed Grinder
  3269 | D:3      | Found a runed translucent door.
  3269 | D:3      | Noticed FexLirch's ghost (weakling DgEE)
  3292 | D:3      | Learned a level 4 spell: Animate Dead
  3372 | D:3      | Reached skill level 4 in Spellcasting
  4007 | D:3      | Noticed Ijyb
  4016 | D:3      | Killed Ijyb
  4017 | D:3      | Reached XP level 5. HP: 32/38 MP: 0/10
  4438 | D:3      | Noticed Robin
  4486 | D:3      | Killed Robin
  4487 | D:3      | Reached skill level 5 in Necromancy
  4956 | D:4      | Slain by an ufetubus

Vanquished Creatures
  Jessica (D:3)
  An iguana (D:4)
  Ijyb (D:3)
  An orc wizard (D:2)
  Robin (D:3)
  An adder (D:3)
  A worm (D:2)
  2 dart slugs (D:1)
  10 orcs
  5 endoplasms
  4 giant cockroaches
  11 goblins
  8 hobgoblins
  3 kobolds
  3 quokkas (D:1)
  6 ball pythons (D:1)
  5 bats
  2 frilled lizards
  8 rats
74 creatures vanquished.

Vanquished Creatures (collateral kills)
  2 goblins (D:1)
2 creatures vanquished.

Grand Total: 76 creatures vanquished

Table legend: (Time is in decaauts)
 A = Elapsed time spent in this place.
 B = Non-inter-level travel time spent in this place.
 C = Inter-level travel time spent in this place.
 D = Time resting spent in this place.
 E = Time spent auto-exploring this place.
 F = Levels seen in this place.
 G = Mean time per level.
                   A        B        C        D        E       F      G
               +--------+--------+--------+--------+--------+-----+--------+
         Total |   4960 |   4853 |    107 |   1169 |   2814 |   4 | 1240.0 |
       Dungeon |   4960 |   4853 |    107 |   1169 |   2814 |   4 | 1240.0 |
               +--------+--------+--------+--------+--------+-----+--------+

Top non-repeatable levels by time:
     D:1: 1905 daAuts
     D:3: 1563 daAuts
     D:2: 1292 daAuts
     D:4: 199 daAuts

Table legend:
 A = Non-vault XP
 B = Vault XP
 C = Vault XP percentage of total XP
 D = Non-vault monster count
 E = Vault monster count
 F = Vault count percentage of total count
                 A         B        C        D         E       F
            +---------+---------+-------+---------+---------+-------
      Total |     207 |     105 |  33.7 |      63 |      13 |  17.1
            +---------+---------+-------+---------+---------+-------
        D:1 |      58 |       6 |   9.4 |      32 |       4 |  11.1
        D:2 |      50 |       0 |   0.0 |       8 |       0 |   0.0
        D:3 |      57 |      99 |  63.5 |      20 |       9 |  31.0
        D:4 |      42 |       0 |   0.0 |       3 |       0 |   0.0
            +---------+---------+-------+---------+---------+-------
